 Dungeon Crawl Stone Soup version 0.21.1-1-g345015fe64 (webtiles) character file.

53 Gargoyl the Skirmisher (level 3, -1/31 HPs)
             Began as a Centaur Abyssal Knight on Apr 19, 2018.
             Was a Follower of Lugonu.
             Slain by Sigmund
             ... wielding a +0 scythe
              (4 damage)
             ... on level 2 of the Dungeon.
             The game lasted 00:02:38 (2001 turns).

Gargoyl the Skirmisher (Centaur Abyssal Knight)     Turns: 2001, Time: 00:02:38

Health: -1/31      AC:  7    Str: 14    XL:     3   Next: 64%
Magic:  4/4        EV:  6    Int: 11    God:    Lugonu [*.....]
Gold:   81         SH:  0    Dex:  9    Spells: 2/2 levels left

rFire    + . .     SeeInvis .   a - +1 hand axe
rCold    + . .     Gourm    .   (no shield)
rNeg     . . .     Faith    .   g - +0 chain mail
rPois    +         Spirit   .   (no helmet)
rElec    +         Reflect  .   (no cloak)
rCorr    +         Harm     .   (no gloves)
MR       .....                  (no barding)
Stlth    ..........             (no amulet)
HPRegen  0.10/turn              d - +2 ring of evasion
MPRegen  0.09/turn              b - ring of resist corrosion

@: resistant, very quick
A: large, hooves 3, deformed body, speed 2, tough skin 3
a: Depart the Abyss, Renounce Religion


You were on level 2 of the Dungeon.
You worshipped Lugonu.
Lugonu was aware of your devotion.
You were not hungry.

You visited 1 branch of the dungeon, and saw 2 of its levels.
You visited the Abyss 1 time.

You collected 81 gold pieces.

Inventory:

Hand Weapons
 a - a +1 hand axe (weapon)
Armour
 g - a +0 chain mail (worn)
Jewellery
 b - a ring of resist corrosion (right hand)
 d - a +2 ring of evasion (left hand)
Scrolls
 e - 2 scrolls of enchant armour {unknown}
 i - a scroll of identify
 j - a scroll of fear {unknown}
Potions
 f - 3 potions of resistance
Comestibles
 c - 4 rations
 h - a chunk of flesh


   Skills:
 + Level 3.4 Fighting
 + Level 2.1 Axes
 * Level 2.3 Armour
 + Level 0.6 Dodging
 * Level 2.2 Invocations


You had 2 spell levels left.
You didn't know any spells.

Dungeon Overview and Level Annotations

Branches:
Dungeon (2/15)

Altars:

Annotations:
D:2 Sigmund


Innate Abilities, Weirdness & Mutations

You have hooves in place of feet.
Armour fits poorly on your strangely shaped body.
You cover ground very quickly.
You have extremely tough skin. (AC +3)


Message History

You found a teleport trap!
Sigmund the Dreaded comes into view.
He is wielding a scythe.
Sigmund gestures at you while chanting. The magic dart hits you!
Sigmund giggles. "Time to reap what you sow."
You hit Sigmund. Your kick misses Sigmund.
Sigmund is lightly wounded.
Sigmund hits you with a scythe.
You barely miss Sigmund. You kick Sigmund.
Sigmund is moderately wounded.
Sigmund hits you with a scythe!
You closely miss Sigmund. Your kick misses Sigmund.
Sigmund is moderately wounded.
Sigmund hits you with a scythe!
* * * LOW HITPOINT WARNING * * *
You feel protected.
You hit Sigmund. You kick Sigmund.
Sigmund is heavily wounded.
Sigmund hits you with a scythe.
You die...

##....###........>#***,
##.#.# ##.......## **
#....# ##.....## *
***#.#########.^.##
*,,..,,..#.......#
*,##.**#.#.####..###
*,**,* #.#.# #(.#.##
*,*#.###.#.####...#.#####
*,*#...@@........#.......
*,*#####.#.#........#####
*,* #.#.#.#...#.##
*,*****#.#.......#.#
*,,,,,,..###.##.##.#
*******#.###.......#
#........#### ##########


You could see Sigmund.

Vanquished Creatures
  An adder (D:2)
  An ooze (D:1)
  A dart slug (D:2)
  A leopard gecko (D:1)
  A giant cockroach (D:1)
  5 goblins
  A hobgoblin (D:1)
  6 jackals
  A ball python (D:1)
  4 bats
  3 frilled lizards
  7 kobolds
  5 rats
37 creatures vanquished.

Vanquished Creatures (others)
  4 starspawn tentacles (Abyss:2)
4 creatures vanquished.

Grand Total: 41 creatures vanquished

Notes
Turn   | Place    | Note
-------+----------+-------------------------------------------
     0 | Abyss:1  | Gargoyl the Centaur Abyssal Knight began the quest for the Orb.
     0 | Abyss:1  | Reached XP level 1. HP: 19/19 MP: 2/2
    30 | Abyss:2  | Noticed a tentacled starspawn
    67 | Abyss:2  | Noticed a starcursed mass
    67 | Abyss:2  | Noticed a worldbinder
    67 | Abyss:2  | Noticed a small abomination
    69 | Abyss:2  | Noticed a yaktaur
    69 | Abyss:2  | Noticed a yaktaur
    69 | Abyss:2  | Noticed an ironheart preserver
    75 | Abyss:3  | Noticed an apocalypse crab
    76 | D:1      | Escaped the Abyss
   563 | D:1      | Reached * piety under Lugonu
   563 | D:1      | Reached XP level 2. HP: 20/26 MP: 3/3
  1080 | D:1      | Reached XP level 3. HP: 30/31 MP: 4/4
  1994 | D:2      | Noticed Sigmund
  2001 | D:2      | Slain by Sigmund

Skill      XL: |  1  2  3 |
---------------+----------+-----
Armour         | 2 |  2.3
Axes           | 2 |  2.1
Fighting       | |  3.4
Dodging        | |  0.6
Invocations    | |  2.2

Action                   || total
-------------------------++-------
Melee: Hand axe          ||    99
       Kick              ||    22
Invok: Depart the Abyss  ||     1
  Use: Scroll            ||     4
       Potion            ||     1
  Eat: Chunk             ||     2
Armor: Chain mail        ||    80
Dodge: Dodged            ||    49
